 Dungeon Crawl Stone Soup version 0.22-a0-422-g9628fc8 (webtiles) character file.

27729 4thArraOfDagon the Earth Mage (level 13, -2/91 HPs)
             Began as a Vampire Earth Elementalist on May 16, 2018.
             Was a High Priest of Vehumet.
             Slain by Verendum's ghost (28 damage)
             ... on level 13 of the Dungeon.
             The game lasted 00:36:20 (8315 turns).

4thArraOfDagon the Earth Mage (VpEE)                Turns: 8315, Time: 00:36:20

Health: -2/91      AC:  7    Str:  9    XL:     13   Next: 5%
Magic:  7/28       EV: 17    Int: 21    God:    Vehumet [*****.]
Gold:   608        SH:  0    Dex: 16    Spells: 18/34 levels left

rFire    . . .     SeeInvis +   e - 4 scrolls of enchant armour {unknown}
rCold    . . .     Gourm    .   (no shield)
rNeg     . . .     Faith    .   c - +0 robe
rPois    +         Spirit   .   (no helmet)
rElec    .         Reflect  .   L - +2 cloak {rPois}
rCorr    .         Harm     .   v - +1 pair of gloves
MR       +....                  (no boots)
Stlth    ++........             (no amulet)
HPRegen  0.45/turn              d - +1 ring of evasion (curse)
MPRegen  0.21/turn              y - +2 ring of strength

@: regenerating quickly
A: fangs 3, see invisible, unbreathing
a: Renounce Religion


You were on level 13 of the Dungeon.
You worshipped Vehumet.
Vehumet was extremely pleased with you.
You were very full.

You visited 2 branches of the dungeon, and saw 14 of its levels.

You collected 608 gold pieces.

Inventory:

Hand Weapons
 g - a +0 vampiric short sword
 n - a +2 morningstar of crushing
Missiles
 b - 81 stones (quivered)
 q - 4 throwing nets
Armour
 c - a +0 robe (worn)
 v - a +1 pair of gloves (worn)
 L - a +2 cloak of poison resistance (worn)
Magical Staves
 m - an uncursed staff of cold
 C - an uncursed staff of earth
Jewellery
 d - a cursed +1 ring of evasion (left hand)
 y - a +2 ring of strength (right hand)
Wands
 H - a wand of enslavement (12)
 J - a wand of paralysis (13)
Scrolls
 a - a scroll of teleportation
 e - 4 scrolls of enchant armour (in hand) {unknown}
 f - 7 scrolls of identify
 i - 12 scrolls of remove curse
 k - 3 scrolls of amnesia {unknown}
 l - 3 scrolls of blinking {unknown}
 r - 2 scrolls of fog {unknown}
 w - 2 scrolls of random uselessness {unknown}
 z - a scroll of fear {unknown}
 D - 2 scrolls of enchant weapon
 E - 2 scrolls of magic mapping
 F - a scroll of immolation {unknown}
 K - a scroll of brand weapon {unknown}
Potions
 h - 2 potions of flight
 j - a potion of lignification
 o - 3 potions of agility
 p - a potion of haste
 s - a potion of resistance
 t - 2 potions of heal wounds
 x - a potion of magic
 A - a potion of berserk rage
 B - 11 potions of blood
 G - 2 potions of mutation
 I - a potion of curing


   Skills:
 - Level 5.0 Fighting
 - Level 6.0 Dodging
 - Level 3.0 Stealth
 + Level 11.4 Spellcasting
 - Level 1.1 Transmutations
 * Level 16.5 Earth Magic


You had 18 spell levels left.
You knew the following spells:

 Your Spells              Type           Power        Failure   Level  Hunger
a - Sandblast             Erth           ######       0%          1    None
b - Stone Arrow           Conj/Erth      #####.       1%          3    None
c - Lee's Rapid Deconstr  Erth           ######....   1%          5    ####...
d - Mephitic Cloud        Conj/Pois/Air  ##......     4%          3    None
e - Petrify               Tmut/Erth      #####...     1%          4    #......

Your spell library contained the following spells:

 Spells                   Type           Power        Failure   Level  Hunger
 Fireball                 Conj/Fire      ##........   36%         5    ####...
 Conjure Flame            Conj/Fire      ##......     4%          3    None
 Throw Flame              Conj/Fire      ##....       2%          2    None
 Sticky Flame             Conj/Fire      ##......     16%         4    #......
 Flame Tongue             Conj/Fire      ##...        1%          1    None
 Passwall                 Tmut/Erth      #####.....   1%          2    None
 Inner Flame              Hex/Fire       ##......     4%          3    None


Dungeon Overview and Level Annotations

Branches:
Dungeon (13/15)            Temple (1/1) D:5          Vaults (0/5) D:13
   Lair: D:8-11         Orc: D:9-12

Altars:
Ashenzari
Dithmenos
Elyvilon
Fedhas
Gozag
Hepliaklqana
Kikubaaqudgha
Makhleb
Nemelex Xobeh
Okawaru
Qazlal
Sif Muna
Uskayaw
Vehumet
Wu Jian
Yredelemnul

Shops:
D:5 %

Annotations:
D:4 Edmund
D:7 Joseph
D:13 Kirke; Snorg; Urug; Verendum's ghost, journeyman TrMo


Innate Abilities, Weirdness & Mutations

Your natural rate of healing is unusually fast.
You have razor-sharp teeth.
You have supernaturally acute eyesight. (SInv)
You can survive without breathing.


Message History

Vehumet accepts your kill.
You feel your power returning.
You feel a bit more experienced.
The blast of metal fragments hits Verendum's ghost.
Verendum's ghost is moderately damaged.
The blast of metal fragments hits the orc warrior.
The orc warrior is severely wounded.
The blast of metal fragments hits the hog.
You kill the hog!
Vehumet accepts your kill.
You feel your power returning.
Unknown command.
Unknown command.
Unknown command.
Unknown command.
Unknown command.
There is a stone staircase leading up here.
Unknown command.
Verendum's ghost feints to the right.
Verendum's ghost hits you!!
You die...

#..........#.#.#.#.#.#.#.#.#.
#...........#.#.#.#.#.#.#.#.#
#........[.#.#o#.#.#(#.#.#
######..#o#.#.#[#.#.#Z#§#.#.#
#.##†###########.#......
#.#.%o.# #.#......
#.#..#.#### #.#......
#.#..#.W..# ##.#[....|
#.#..#.@#......#.#......
#.#####.# ####.#.#......
#.### #.. ..#..#.#......
#...# #.###.#.##.#......
###.###.# #.#.##.#...###
#.#.### #.#)##...#.# #..>#
#.#.##...#.#
###.#####HHH.@.....#
#.......h.########


You could see an orc warrior, Verendum's ghost and an orc.

Vanquished Creatures
  Erolcha (D:13)
  6 vault guards
  2 centaur warriors (D:13)
  A two-headed ogre (D:8)
  A death yak (D:10)
  2 unseen horrors
  An orange crystal statue (D:8)
  Pikel (D:6)
  2 ugly things
  A deep elf mage (D:11)
  A cyclops (D:11)
  A rust devil (D:7)
  A centaur zombie (D:10)
  An efreet (D:13)
  A troll (D:12)
  A merfolk (D:11)
  Grinder (D:3)
  5 hippogriffs
  3 slime creatures (D:12)
  A shadow (D:12)
  A spriggan (D:11)
  A wraith (D:13)
  4 hogs (D:13)
  20 yaks
  Menkaure (D:7)
  An acid dragon (D:12)
  3 sky beasts
  2 ice beasts
  5 orc warriors
  3 black bears
  2 wolves (D:10)
  A necrophage (D:11)
  3 centaurs
  2 ogres
  2 big kobolds
  Blork the orc (D:6)
  7 bullfrogs
  A hornet simulacrum (D:12)
  2 wyvern skeletons
  5 scorpions
  11 killer bees
  7 wights
  An electric eel (D:10)
  3 howler monkeys
  7 crimson imps
  A quasit (D:7)
  A bullfrog zombie (D:13)
  2 hounds
  8 jellies
  7 orc priests
  4 centaur skeletons
  A gnoll shaman (D:6)
  3 bullfrog skeletons
  3 iguanas
  15 orc wizards
  5 worker ants
  2 worker ant zombies
  14 adders
  6 gnolls
  2 shadow imps
  3 white imps (D:10)
  An ufetubus (D:10)
  An ooze (D:1)
  An adder zombie (D:6)
  4 adder skeletons
  5 worms
  3 dart slugs
  2 leopard geckos
  47 orcs
  7 bats
  A giant cockroach (D:6)
  5 goblins
  6 hobgoblins
  8 jackals
  4 quokkas
  A ball python (D:4)
  2 frilled lizards
  A giant cockroach zombie (D:5)
  A jackal skeleton (D:9)
  15 kobolds
  A leopard gecko skeleton (D:4)
  2 quokka zombies
  5 rats
330 creatures vanquished.

Vanquished Creatures (others)
  A kobold (D:11)
1 creature vanquished.

Grand Total: 331 creatures vanquished

Notes
Turn   | Place    | Note
-------+----------+-------------------------------------------
     0 | D:1      | 4thArraOfDagon the Vampire Earth Elementalist began the quest for the Orb.
     0 | D:1      | Reached XP level 1. HP: 13/13 MP: 3/3
    68 | D:1      | You fall through a shaft!
   116 | D:3      | Reached XP level 2. HP: 19/19 MP: 1/5
   235 | D:4      | Reached skill level 4 in Earth Magic
   235 | D:4      | Reached XP level 3. HP: 24/24 MP: 2/6
   288 | D:5      | Entered Level 5 of the Dungeon
   304 | D:4      | Reached XP level 4. HP: 7/30 MP: 3/8
   561 | D:5      | Found Ikiymn's Food Shop.
   644 | D:4      | Noticed Edmund
   693 | D:5      | Found a staircase to the Ecumenical Temple.
   702 | Temple   | Entered the Ecumenical Temple
   710 | Temple   | Became a worshipper of Vehumet
   835 | D:4      | Noticed an ice beast
   843 | D:4      | Killed an ice beast
   843 | D:4      | Reached skill level 5 in Earth Magic
   843 | D:4      | Reached XP level 5. HP: 15/35 MP: 2/10
   965 | D:3      | Learned a level 3 spell: Stone Arrow
   971 | D:3      | Learned a level 5 spell: Lee's Rapid Deconstruction
  1191 | D:2      | Reached XP level 6. HP: 26/41 MP: 4/11
  1318 | D:1      | Reached * piety under Vehumet
  1318 | D:1      | Offered knowledge of Flame Tongue by Vehumet.
  1554 | D:1      | You fall through a shaft!
  1744 | D:1      | Reached skill level 6 in Earth Magic
  2295 | D:3      | Found an ancient bone altar of Kikubaaqudgha.
  2555 | D:3      | Found a shattered altar of Ashenzari.
  2555 | D:3      | Noticed Grinder
  2559 | D:3      | Killed Grinder
  2559 | D:3      | Reached XP level 7. HP: 46/46 MP: 8/13
  2634 | D:4      | Found a blossoming altar of Fedhas.
  2641 | D:4      | Reached skill level 7 in Earth Magic
  3484 | D:6      | Noticed Blork the orc
  3498 | D:6      | Killed Blork the orc
  3498 | D:6      | Reached skill level 5 in Spellcasting
  3502 | D:6      | Noticed Pikel
  3558 | D:6      | Killed Pikel
  3558 | D:6      | Reached ** piety under Vehumet
  3558 | D:6      | Reached skill level 8 in Earth Magic
  3558 | D:6      | Reached XP level 8. HP: 52/52 MP: 3/16
  3567 | D:6      | Offered knowledge of Sting by Vehumet.
  3584 | D:6      | Reached skill level 9 in Earth Magic
  3941 | D:7      | Noticed Joseph
  4089 | D:7      | Reached skill level 10 in Earth Magic
  4122 | D:7      | Reached XP level 9. HP: 48/57 MP: 14/18
  4172 | D:7      | Offered knowledge of Mephitic Cloud by Vehumet.
  4185 | D:7      | Learned a level 3 spell: Mephitic Cloud
  4246 | D:7      | Noticed Menkaure
  4262 | D:7      | Killed Menkaure
  4545 | D:7      | Reached *** piety under Vehumet
  4581 | D:6      | Noticed a rust devil
  4581 | D:6      | Noticed a rust devil
  4655 | D:7      | Killed a rust devil
  4655 | D:7      | Reached skill level 11 in Earth Magic
  4770 | D:8      | Noticed a two-headed ogre
  4775 | D:8      | Killed a two-headed ogre
  4850 | D:8      | Reached XP level 10. HP: 63/63 MP: 8/21
  4888 | D:8      | Reached skill level 14 in Earth Magic
  4888 | D:8      | Reached XP level 11. HP: 62/68 MP: 11/24
  4930 | D:8      | Offered knowledge of Fulminant Prism by Vehumet.
  4998 | D:8      | Noticed an orange crystal statue
  5049 | D:8      | Noticed a two-headed ogre
  5109 | D:8      | Killed an orange crystal statue
  5347 | D:9      | Reached **** piety under Vehumet
  5392 | D:9      | Learned a level 4 spell: Petrify
  5415 | D:9      | Reached skill level 10 in Spellcasting
  5415 | D:9      | Offered knowledge of Bolt of Magma by Vehumet.
  5664 | D:10     | Entered Level 10 of the Dungeon
  5699 | D:10     | Noticed a white ugly thing
  5705 | D:10     | Killed a white ugly thing
  5737 | D:10     | Noticed a death yak
  5796 | D:9      | Reached skill level 1 in Fighting
  6027 | D:10     | Reached ***** piety under Vehumet
  6029 | D:10     | Offered knowledge of Ozocubu's Refrigeration by Vehumet.
  6050 | D:10     | Reached skill level 15 in Earth Magic
  6124 | D:10     | Noticed an unseen horror
  6126 | D:10     | Killed a death yak
  6213 | D:10     | Killed an unseen horror
  6626 | D:12     | Reached XP level 12. HP: 80/80 MP: 26/26
  6949 | D:12     | Found a shadowy altar of Dithmenos.
  7011 | D:12     | Reached skill level 5 in Dodging
  7275 | D:13     | Noticed Urug
  7326 | D:13     | Noticed Snorg
  7332 | D:13     | Noticed Erolcha
  7334 | D:13     | Killed Erolcha
  7345 | D:13     | Noticed a centaur warrior
  7349 | D:13     | Killed a centaur warrior
  7358 | D:13     | Noticed Kirke
  7420 | D:13     | Noticed a seven-headed hydra
  7424 | D:13     | Found a gate to the Vaults.
  7425 | D:13     | Noticed a vault guard
  7425 | D:13     | Noticed a vault guard
  7425 | D:13     | Noticed a vault guard
  7425 | D:13     | Noticed a vault guard
  7426 | D:13     | Killed a vault guard
  7426 | D:13     | Noticed a vault guard
  7426 | D:13     | Noticed a vault guard
  7426 | D:13     | Noticed a vault guard
  7427 | D:13     | Noticed a vault guard
  7428 | D:13     | Killed a vault guard
  7428 | D:13     | Reached skill level 16 in Earth Magic
  7428 | D:13     | Killed a vault guard
  7428 | D:13     | Offered knowledge of Poison Arrow by Vehumet.
  7428 | D:13     | Killed a vault guard
  7436 | D:13     | Noticed a centaur warrior
  7661 | D:11     | Killed a vault guard
  7810 | D:11     | Reached skill level 5 in Fighting
  8008 | D:11     | Killed a vault guard
  8244 | D:13     | Noticed a centaur warrior
  8246 | D:13     | Killed a centaur warrior
  8246 | D:13     | Reached XP level 13. HP: 61/91 MP: 20/28
  8286 | D:13     | Noticed Verendum's ghost (journeyman TrMo)
  8315 | D:13     | Slain by Verendum's ghost

Vault maps used:
D:1:      minmay_arrival_loop
D:2:      eino_tiny_chamber, serial_bayou_pond_d, minmay_domino_2
D:3:      lemuel_upstairs_altar, marbit_many_paths, uniq_grinder
D:4:      fedhas_bush_and_centaur_altar, uniq_edmund
D:5:      minmay_temple_entry_statues, serial_shops, shop, first_ration,
          hangedman_abyss_or_decor_lesser_grid
D:6:      cheibrodos_iron_armory, basic_altar, uniq_blork_the_orc, uniq_pikel
D:7:      uniq_joseph, uniq_menkaure
D:8:      minmay_separated_statues
D:9:      david_orc_4
D:10:     serial_ice, serial_ice_k, serial_ice_c, serial_ice_h, serial_ice_a,
          serial_ice_d, serial_ice_o, serial_ice_g
D:11:     erik_lair_dragon, hangedman_stone_soup, skrybe_limestone_x
D:12:     grunt_dithmenos_smoke
D:13:     erik_vaults_2, minmay_checkered_concentric_circles, uniq_kirke,
          uniq_erolcha, uniq_urug, uniq_snorg
Temple:   dpeg_three_leaves_temple

Skill      XL: |  1  2  3  4  5  6  7  8  9 10 11 12 |
---------------+-------------------------------------+-----
Earth Magic    | 4 5 6 8 10 11 14 15 16 | 16.5
Spellcasting   | 3 4 5 6 7 9 10 11 | 11.4
Fighting       | 2 5 |  5.0
Dodging        | 4 6 |  6.0
Stealth        | |  3.0
Transmutations | |  1.1

Action                   |  1- 3 |  4- 6 |  7- 9 | 10-12 | 13-15 || total
-------------------------+-------+-------+-------+-------+-------++-------
Melee: Short sword       |    12 |     7 |       |       |       ||    19
       Bite              |     1 |     2 |     4 |       |       ||     7
       Morningstar       |       |    84 |    51 |       |       ||   135
       Staff             |       |       |     1 |    21 |       ||    22
 Cast: Sandblast         |    15 |    63 |   103 |   134 |       ||   315
       Lee's Rapid Decon |       |       |    17 |    93 |     9 ||   119
       Mephitic Cloud    |       |       |       |     1 |       ||     1
Evoke: Wand              |       |       |       |     1 |       ||     1
  Use: Potion            |     1 |     2 |       |     6 |     1 ||    10
       Scroll            |       |       |     1 |    15 |       ||    16
 Stab: Sleeping          |     1 |     4 |     1 |       |       ||     6
  Eat: Corpse            |     1 |    13 |    15 |    25 |       ||    54
Armor: Robe              |     2 |    32 |    13 |    21 |     1 ||    69
Dodge: Dodged            |    10 |   106 |    63 |   109 |     3 ||   291

Table legend:
 A = Spawn XP
 B = Non-spawn XP
 C = Spawn XP percentage of total XP
 D = Spawn monster count
 E = Non-spawn monster count
 F = Spawn count percentage of total count
 G = Total turns spent on level
                    A         B        C        D         E        F      G
               +---------+---------+-------+---------+---------+-------+---------
         Total |       0 |   34074 |   0.0 |       0 |     330 |   0.0 |  8315
               +---------+---------+-------+---------+---------+-------+---------
           D:1 |       0 |      37 |   0.0 |       0 |      16 |   0.0 |   586
           D:2 |       0 |     137 |   0.0 |       0 |      25 |   0.0 |   656
           D:3 |       0 |     313 |   0.0 |       0 |      15 |   0.0 |   477
           D:4 |       0 |     324 |   0.0 |       0 |      11 |   0.0 |   847
           D:5 |       0 |     257 |   0.0 |       0 |      15 |   0.0 |   679
           D:6 |       0 |    1125 |   0.0 |       0 |      21 |   0.0 |   663
           D:7 |       0 |    2253 |   0.0 |       0 |      41 |   0.0 |   838
           D:8 |       0 |    2960 |   0.0 |       0 |      33 |   0.0 |   489
           D:9 |       0 |    2673 |   0.0 |       0 |      43 |   0.0 |   562
          D:10 |       0 |    5177 |   0.0 |       0 |      31 |   0.0 |   531
          D:11 |       0 |    4772 |   0.0 |       0 |      20 |   0.0 |   816
          D:12 |       0 |    4919 |   0.0 |       0 |      38 |   0.0 |   774
          D:13 |       0 |    9127 |   0.0 |       0 |      21 |   0.0 |   380
               +---------+---------+-------+---------+---------+-------+---------
